 Dungeon Crawl Stone Soup version 0.27.1-3-gb3d3a73c9e (webtiles) character file.

Game seed: 2459262348546677209

1166 MrBoozer the Conjurer (level 8, 0/48 HPs)
             Began as an Octopode Conjurer on Oct 11, 2021.
             Was a Follower of Vehumet.
             Slain by a bullfrog zombie (1 damage)
             ... in an ossuary.
             The game lasted 00:26:50 (3782 turns).

MrBoozer the Conjurer (Octopode Conjurer)           Turns: 3782, Time: 00:26:50

Health: 0/48       AC:  1    Str:  4 (6)  XL:     8   Next: 40%
Magic:  0/16       EV: 13    Int: 19 (22) God:    Vehumet [*.....]
Gold:   1119       SH:  0    Dex:  8 (11) Spells: 14/18 levels left

rFire    . . .     SeeInvis .   l - +1 hand axe (elec)
rCold    . . .     Faith    .   (no shield)
rNeg     . . .     Spirit   +   (helmet restricted)
rPois    .         Reflect  .   j - amulet of guardian spirit
rElec    .         Harm     .   (no ring)
rCorr    .         Rampage  .   (no ring)
Will     .....                  (no ring)
Stlth    +++.......             (no ring)
HPRegen  0.16/turn              (no ring)
MPRegen  0.15/turn              (no ring)
                                (no ring)
                                (no ring)

@: slowed, very slow
A: almost no armour, amphibious, 8 rings, camouflage 1, gelatinous body 1,
(nimble swimmer 1), tentacles
a: Renounce Religion


You were in an ossuary.
You worshipped Vehumet.
Vehumet was aware of your devotion.
You visited 2 branches of the dungeon, and saw 6 of its levels.
You also visited: Ossuary.

You collected 1119 gold pieces.

Inventory:

Hand Weapons
 k - a +0 falchion of holy wrath
 l - a +1 hand axe of electrocution (weapon)
Jewellery
 j - an amulet of guardian spirit (around mantle)
Wands
 i - a wand of iceblast (10)
Scrolls
 a - 3 scrolls of teleportation
 d - a scroll of immolation {unknown}
 g - a scroll of magic mapping
 m - a scroll of holy word {unknown}
Potions
 e - 2 potions of resistance
 h - a potion of might {unknown}


   Skills:
 + Level 1.2 Fighting
 * Level 1.9 Axes
 + Level 2.7 Dodging
 + Level 4.8 Stealth
 - Level 0.7 Unarmed Combat
 * Level 5.9 Spellcasting
 + Level 7.2 Conjurations


You had 14 spell levels left.
You knew the following spells:

 Your Spells              Type           Power      Damage    Failure   Level
a - Magic Dart            Conj           100%       1d8       1%          1
b - Searing Ray           Conj           66%        3d5       1%          2
c - Freeze                Ice            20%        1d4       11%         1

Your spell library contained the following spells:

 Spells                   Type           Power      Damage    Failure   Level
 Dazzling Flash           Conj/Hex       38%        N/A       8%          3
 Animate Skeleton         Necr           10%        N/A       12%         1
 Apportation              Tloc           10%        N/A       12%         1
 Corona                   Hex            5%         N/A       12%         1
 Summon Small Mammal      Summ           20%        N/A       12%         1
 Sublimation of Blood     Necr           2%         N/A       17%         2
 Fulminant Prism          Conj/Hex       9%         3d7       26%         4
 Iskenderun's Mystic Bla  Conj/Tloc      19%        2d6       26%         4
 Irradiate                Conj/Tmut      9%         3d16      56%         5
 Petrify                  Tmut/Erth      5%         N/A       75%         4


Dungeon Overview and Level Annotations

Branches:
Dungeon (5/15)             Temple (1/1) D:4         Ossuary (1/1)

Altars:
Ashenzari
Cheibriados
Hepliaklqana
Makhleb
Nemelex Xobeh
Vehumet
The Shining One

Shops:
D:1 =

Annotations:
D:5 Eustachio


Innate Abilities, Weirdness & Mutations

You cannot wear most types of armour.
You are amphibious.
You can wear up to eight rings at the same time.
Your skin changes colour to match your surroundings (Stealth+).
Your rubbery body absorbs attacks. (AC +1, EV +1)
((You are camouflaged near water. (Stealth+)))
You have tentacles for arms and can constrict up to eight enemies at once.


Message History

Your Fighting skill increases to level 1!
The searing ray hits the water moccasin zombie!
The water moccasin zombie is almost destroyed.
You finish channeling your searing ray.
The water moccasin zombie bites you!
Unknown command.
The water moccasin zombie closely misses you.
The water moccasin zombie bites you.
You barely miss the water moccasin zombie.
Your grab misses the water moccasin zombie.
The water moccasin zombie is almost destroyed.
The water moccasin zombie completely misses you.
The water moccasin zombie misses you.
A bullfrog zombie comes into view.
Casting: Searing Ray (safe; 1% risk of failure)
Confirm with . or Enter, or press ? or * to list all spells.
Aiming: Magic Dart (safe; 1% risk of failure)
Press: ? - help, Shift-Dir - straight line, f - water moccasin zombie
Aim: a water moccasin zombie (almost destroyed, 100% to hit)
The magic dart hits the water moccasin zombie.
The water moccasin zombie is almost destroyed.
The water moccasin zombie barely misses you.
The water moccasin zombie misses you. The water moccasin zombie bites you.
The water moccasin zombie bites you! The bullfrog zombie closely misses you.
The water moccasin zombie bites you.
* * * LOW HITPOINT WARNING * * *
The water moccasin zombie bites you!
* * * LOW HITPOINT WARNING * * *
The bullfrog zombie hits you.
* * * LOW HITPOINT WARNING * * *
The water moccasin zombie barely misses you.
It was a potion of degeneration.
There was something very wrong with that liquid.
You feel weakened.
You feel dopey.
You feel clumsy. The bullfrog zombie hits you.
* * * LOW HITPOINT WARNING * * *
The water moccasin zombie bites you.
* * * LOW HITPOINT WARNING * * *
The bullfrog zombie hits you.
You die...

##≈ #####
#≈≈≈≈
#...#≈..#
#ZZ.≈≈≈≈#
#∩@.#≈..#
#####
#≈≈≈# #≈≈
≈


You could see a water moccasin zombie and a bullfrog zombie.

Vanquished Creatures
  Sigmund (D:3)
  A wyvern (D:5)
  2 black bears (D:4)
  An ogre (D:4)
  A jelly (D:5)
  A bullfrog zombie (Ossuary)
  3 hounds
  An orc priest (D:4)
  4 mummies (Ossuary)
  Natasha (thrice) (D:3)
  2 orc wizards (D:4)
  Ijyb (D:3)
  A hound skeleton (D:4)
  4 gnolls (D:3)
  3 adders
  2 ufetubi (D:4)
  A worm (D:4)
  A dart slug (D:3)
  9 orcs
  5 endoplasms
  2 giant cockroaches (D:3)
  4 goblins
  4 hobgoblins
  2 quokkas
  A ball python (D:3)
  5 bats
  5 frilled lizards
  3 rats
73 creatures vanquished.

Vanquished Creatures (others)
  7 withered plants (Ossuary)
7 creatures vanquished.

Grand Total: 80 creatures vanquished

Notes
Turn   | Place    | Note
-------+----------+-------------------------------------------
     0 | D:1      | MrBoozer the Octopode Conjurer began the quest for the Orb.
     0 | D:1      | Reached XP level 1. HP: 11/11 MP: 3/3
    99 | D:1      | Found Bonacs's Jewellery Emporium.
   225 | D:1      | Reached XP level 2. HP: 17/17 MP: 1/5
   600 | D:2      | Found a faded altar of an unknown god.
   767 | D:2      | Found a snail-covered altar of Cheibriados.
   772 | D:2      | You fall into a shaft and drop 2 floors!
   778 | D:3      | Found a glowing golden altar of the Shining One.
   839 | D:3      | Reached XP level 3. HP: 21/21 MP: 1/6
   897 | D:3      | Reached skill level 5 in Conjurations
   957 | D:3      | Learned a level 2 spell: Searing Ray
  1049 | D:3      | Noticed Natasha
  1059 | D:3      | Killed Natasha
  1060 | D:3      | Reached XP level 4. HP: 13/27 MP: 2/7
  1224 | D:3      | Noticed Sigmund
  1228 | D:3      | Killed Sigmund
  1229 | D:3      | Reached skill level 6 in Conjurations
  1229 | D:3      | Reached XP level 5. HP: 22/31 MP: 2/9
  1229 | D:3      | Reached XP level 6. HP: 26/36 MP: 2/10
  1691 | D:3      | Found a radiant altar of Vehumet.
  1700 | D:3      | Became a worshipper of Vehumet
  1730 | D:3      | Noticed Ijyb
  1742 | D:3      | Killed Ijyb
  2143 | D:3      | Noticed Natasha
  2148 | D:3      | Killed Natasha
  2202 | D:3      | Noticed Natasha
  2209 | D:3      | Killed Natasha
  2433 | D:4      | Found a snail-covered altar of Cheibriados.
  2440 | D:4      | Reached XP level 7. HP: 41/41 MP: 4/12
  2452 | D:4      | Identified a scroll of acquirement
  2452 | D:4      | Acquired 957 gold pieces
  2912 | D:4      | Found a staircase to the Ecumenical Temple.
  2951 | D:4      | Reached skill level 7 in Conjurations
  2957 | Temple   | Entered the Ecumenical Temple
  3043 | D:4      | Found a broken altar of Ashenzari.
  3141 | D:4      | Reached * piety under Vehumet
  3141 | D:4      | Offered knowledge of Freeze by Vehumet.
  3147 | D:4      | Learned a level 1 spell: Freeze
  3329 | D:4      | Reached skill level 1 in Axes
  3329 | D:4      | Reached skill level 5 in Spellcasting
  3329 | D:4      | Reached XP level 8. HP: 18/47 MP: 6/15
  3567 | D:5      | Entered Level 5 of the Dungeon
  3577 | D:5      | Found a sand-covered staircase.
  3577 | D:5      | Noticed a wyvern
  3590 | D:5      | Killed a wyvern
  3650 | D:5      | Noticed Eustachio
  3727 | Ossuary  | Entered an ossuary
  3775 | Ossuary  | Reached skill level 1 in Fighting
  3782 | Ossuary  | HP: 1/48 [water moccasin zombie (3)]
  3782 | Ossuary  | Slain by a bullfrog zombie

Illustrated notes

Levels and vault maps discovered:
D:1:      heliophobic_arrival_glass_houses, layout_basic, serial_shops, shop,
          minmay_octomino_j4
D:2:      layout_basic, basic_altar, ebering_ecumenical_altar_sacrificial
D:3:      kennysheep_six_static_rooms, layout_loops_ring, lemuel_crystal_altar,
          mainiacjoe_overflow_concentric_impassable, uniq_ijyb, uniq_natasha,
          uniq_sigmund
D:4:      layout_rooms, mainiacjoe_overflow_brackets,
          mainiacjoe_overflow_cross_hatched, minmay_temple_entry_grid
D:5:      layout_gridville, lemuel_tele_altar, nicolae_ossuary_entry_monument,
          uniq_eustachio, uniq_pikel
Temple:   compressed_dpeg_circular_temple
Ossuary:  ossuary_zaba_flooded

Skill      XL: |  1  2  3  4  5  6  7  8 |
---------------+-------------------------+-----
Conjurations   | 5 6 7 |  7.2
Stealth        | 3 4 |  4.8
Spellcasting   | 3 5 |  5.9
Axes           | 1 |  1.9
Fighting       | 1 |  1.2
Dodging        | |  2.7
Unarmed Combat | |  0.7

Action                   |  1- 3 |  4- 6 |  7- 9 || total
-------------------------+-------+-------+-------++-------
Melee: Unarmed           |    12 |     9 |       ||    21
       Constrict         |     4 |     2 |     1 ||     7
       Tentacles         |     1 |     3 |       ||     4
       Punch             |       |     1 |       ||     1
       Hand axe          |       |       |     5 ||     5
 Cast: Magic Dart        |    34 |    51 |    65 ||   150
       Searing Ray       |       |     6 |    11 ||    17
       Freeze            |       |       |     2 ||     2
  Use: Scroll            |       |     2 |     3 ||     5
       Potion            |       |       |     2 ||     2
 Stab: Sleeping          |     2 |       |       ||     2
Armor: Skin              |       |     2 |     4 ||     6
Dodge: Dodged            |     9 |    19 |    48 ||    76
